 Dungeon Crawl Stone Soup version 0.27-a0-1301-g128193abf8 (webtiles) character file.

Game seed: 7851737743592879445

16 trckry the Vexing (level 2, 0/16 HPs)
             Began as a Deep Elf Arcane Marksman on June 17, 2021.
             Hit by a stone thrown by a kobold (1 damage)
             ... on level 1 of the Dungeon on June 18, 2021.
             The game lasted 00:02:26 (474 turns).

trckry the Vexing (Deep Elf Arcane Marksman)         Turns: 474, Time: 00:02:27

Health: 0/16       AC:  2    Str:  7    XL:     2   Next: 37%
Magic:  6/6        EV: 12    Int: 17    God:
Gold:   24         SH:  0    Dex: 15    Spells: 3/4 levels left

rFire    . . .     SeeInvis .   c - +0 rapier
rCold    . . .     Faith    .   (no shield)
rNeg     . . .     Spirit   .   d - +0 robe
rPois    .         Reflect  .   (no helmet)
rElec    .         Harm     .   (no cloak)
rCorr    .         Rampage  .   (no gloves)
Will     .....                  (no boots)
Stlth    +.........             (no amulet)
HPRegen  0.05/turn              (no ring)
MPRegen  0.10/turn              (no ring)

@: no status effects
A: no striking features
a: no special abilities


You were on level 1 of the Dungeon.
You visited 1 branch of the dungeon, and saw 1 of its levels.

You collected 24 gold pieces.

Inventory:

Hand Weapons
 a - a +0 shortbow
 c - a +0 rapier (weapon)
Missiles
 e - 8 arrows
Armour
 d - a +0 robe (worn)
Scrolls
 b - a scroll of teleportation {unknown}
Potions
 f - a potion of heal wounds {unknown}


   Skills:
 + Level 1.1 Fighting
 * Level 3.5 Bows
 - Level 2.4 Dodging
 - Level 1.5 Spellcasting
 + Level 4.3 Hexes


You had 3 spell levels left.
You knew the following spells:

 Your Spells              Type           Power      Damage    Failure   Level
a - Corona                Hex            16%        N/A       3%          1

Your spell library contained the following spells:

 Spells                   Type           Power      Damage    Failure   Level
 Slow                     Hex            15%        N/A       5%          2
 Inner Flame              Hex/Fire       8%         N/A       26%         3
 Portal Projectile        Hex/Tloc       16%        N/A       26%         3
 Cause Fear               Hex            7%         N/A       34%         4
 Leda's Liquefaction      Hex/Erth       4%         N/A       63%         4


Dungeon Overview and Level Annotations

Branches:
Dungeon (1/15)

Altars:


Message History

The dart slug is heavily wounded.
The kobold throws a stone.
The stone misses you.
The dart slug bites you but does no damage.
You hit the dart slug.
The dart slug is almost dead.
The kobold throws a stone.
The stone hits you. The dart slug barely misses you.
You take 1 damage, and have 14/16 hp.
You hit the dart slug.
The dart slug is almost dead.
The kobold hits you with a +0 short sword.
You take 4 damage, and have 10/16 hp.
MASSIVE DAMAGE!!
You are too injured to fight recklessly!
You are too injured to fight recklessly!
You completely miss the dart slug.
The dart slug is almost dead.
The dart slug bites you.
The kobold hits you with a +0 short sword.
You take 2 damage, and have 8/16 hp.
You hit the dart slug but do no damage.
The dart slug is almost dead.
The kobold hits you with a +0 short sword.
* * * LOW HITPOINT WARNING * * *
The dart slug closely misses you.
You take 5 damage, and have 3/16 hp.
MASSIVE DAMAGE!!
The dart slug launches a dart at you. The slug dart hits you.
* * * LOW HITPOINT WARNING * * *
You take 2 damage, and have 1/16 hp.
The kobold misses you.
There is an open door here.
The kobold throws a stone.
The stone misses you.
The kobold throws a stone.
The stone closely misses you.
The kobold throws a stone.
The stone closely misses you.
You see here a +0 club.
The kobold throws a stone.
The stone hits you but does no damage.
The kobold throws a stone.
The stone hits you.
* * * LOW HITPOINT WARNING * * *
You take 1 damage, and have 1/16 hp.
The kobold throws a stone.
The stone hits you.
You die...

#............[........
#)....................
#####.................
#######....##...........
........................
........>...............
####......##...........
#......##...........
#..@.....K..........
#.###+####.#########
###..###.......##)#
.......#.......##.#
..(....#.......##.#
......[#........#K#
.......#........#.#
.....#.###....#.#
######..#.###....#.#


You could see a kobold.

Vanquished Creatures
  A dart slug (D:1)
  A ball python (D:1)
  4 endoplasms (D:1)
  A goblin (D:1)
  A hobgoblin (D:1)
  A quokka (D:1)
  2 frilled lizards (D:1)
  A rat (D:1)
12 creatures vanquished.

Notes
Turn   | Place    | Note
-------+----------+-------------------------------------------
     0 | D:1      | trckry the Deep Elf Arcane Marksman began the quest for the
                  | Orb.
     0 | D:1      | Reached XP level 1. HP: 11/11 MP: 5/5
    49 | D:1      | Found a faded altar of an unknown god.
    70 | D:1      | Reached skill level 1 in Fighting
    76 | D:1      | Reached XP level 2. HP: 16/16 MP: 6/6
   450 | D:1      | HP: 1/16 [dart slug/slug dart (2)]
   468 | D:1      | HP: 1/16 [kobold/stone (1)]
   474 | D:1      | Hit by a stone thrown by a kobold

Illustrated notes

Levels and vault maps discovered:
D:1:      ebering_trefoil_3fold, layout_basic,
          hellmonk_ecumenical_altar_pennies_from_heaven, serial_shops, shop,
          nrook_campfire

Skill      XL: |  1 |
---------------+----+-----
Bows           | 3 |  3.5
Fighting       | 1 |  1.1
Dodging        | |  2.4
Spellcasting   | |  1.5
Hexes          | |  4.3

Action                   || total
-------------------------++-------
Melee: Rapier            ||    12
 Fire: Shortbow          ||    36
Armor: Robe              ||     4
Dodge: Dodged            ||    31

Table legend: (Time is in decaauts)
 A = Elapsed time spent in this place.
 B = Non-inter-level travel time spent in this place.
 C = Inter-level travel time spent in this place.
 D = Time resting spent in this place.
 E = Time spent auto-exploring this place.
 F = Levels seen in this place.
 G = Mean time per level.
                   A        B        C        D        E       F      G
               +--------+--------+--------+--------+--------+-----+--------+
         Total |    482 |    482 |      0 |      0 |    296 |   1 |  482.0 |
       Dungeon |    482 |    482 |      0 |      0 |    296 |   1 |  482.0 |
               +--------+--------+--------+--------+--------+-----+--------+

Top non-repeatable levels by time:
     D:1: 482 daAuts
